 Dungeon Crawl Stone Soup version bcrawl-1.13.5 (webtiles) character file.

Game seed: 4412985641858243939

42 Revguard the Ducker (level 3, -1/27 HPs)
             Began as a Demonspawn Archaeologist on Sept 5, 2019.
             Was an Initiate of Sif Muna.
             Slain by Grinder (4 damage)
             ... on level 3 of the Dungeon.
             The game lasted 00:04:45 (1975 turns).

Revguard the Ducker (Demonspawn Archaeologist)      Turns: 1975, Time: 00:04:46

Health: -1/27      AC: 11    Str: 10 (11) XL:     3   Next: 33%
Magic:  4/4        EV: 13    Int: 13 (15) God:    Sif Muna [......]
Gold:   97         SH:  0    Dex: 11 (12) Spells: 3/3 levels left

rFire    . . .     SeeInvis .   a - +0 whip
rCold    . . .     Gourm    .   (no shield)
rNeg     . . .     Faith    .   b - +1 robe
rPois    .         Spirit   .   c - +1 hat
rElec    .         Reflect  .   (no cloak)
rCorr    .         Harm     .   (no gloves)
MR       .....                  d - +1 pair of boots
Stlth    ++........             (no amulet)
HPRegen  0.09/turn              i - +5 ring of protection
MPRegen  0.09/turn              (no ring)

@: very slightly contaminated, studying Spellcasting, invisible
A: horns 2
a: Divine Energy, Renounce Religion


You were on level 3 of the Dungeon.
You worshipped Sif Muna.
Sif Muna was noncommittal.
You were very hungry.

You visited 1 branch of the dungeon, and saw 3 of its levels.

You collected 97 gold pieces.

Inventory:

Hand Weapons
 a - a +0 whip (weapon)
Armour
 b - a +1 robe (worn)
 c - a +1 hat (worn)
 d - a +1 pair of boots (worn)
Jewellery
 i - a +5 ring of protection (left hand)
Scrolls
 j - a scroll of noise
 k - a scroll of teleportation
 l - 2 scrolls of amnesia
 m - a scroll of blinking
Books
 e - a manual of Spellcasting
Miscellaneous
 f - an ancient crate
Comestibles
 g - 3 rations {!d}


   Skills:
 - Level 1.7 Fighting
 - Level 1.1 Maces & Flails
 - Level 1.0 Armour
 - Level 3.2 Dodging
 - Level 3.0 Stealth
 * Level 0.8 Spellcasting
 - Level 0.2 Invocations


You had 3 spell levels left.
You didn't know any spells.
Your spell library was empty.

Dungeon Overview and Level Annotations

Branches:
Dungeon (3/12)

Altars:
Hepliaklqana
Makhleb
Sif Muna

Annotations:
D:3 Grinder


Innate Abilities, Weirdness & Mutations

You have a pair of horns on your head.


Message History

Grinder hits you but does no damage.
You hit Grinder. Your headbutt misses Grinder.
Grinder is heavily wounded.
Grinder hits you.
You writhe in agony.
* * * LOW HITPOINT WARNING * * *
You feel better. Grinder hits you.
* * * LOW HITPOINT WARNING * * *
You fade into invisibility!
Grinder closely misses you.
You are very lightly contaminated with residual magic.
You hit Grinder but do no damage.
Grinder is heavily wounded.
Grinder barely misses you.
You barely miss Grinder.
Grinder is heavily wounded.
Grinder hits you but does no damage. Grinder hits you.
* * * LOW HITPOINT WARNING * * *
You writhe in agony.
You die...

#.##...###########.##
#....#.#...........#
##. #...#.###########
...#.##...#
#.#.#.###.# #.....#
... #####.#.#.# ###
......#.##.>
#.....#@# #.^.
......5.# ####
........# .......##
....... .......
....... ##...## #...


You could see Grinder.

Vanquished Creatures
  2 worms
  A dart slug (D:1)
  2 leopard geckos
  2 bats (D:1)
  2 goblins (D:1)
  4 hobgoblins
  5 jackals (D:1)
  A frilled lizard (D:1)
  6 kobolds
  5 rats
30 creatures vanquished.

Notes
Turn   | Place    | Note
-------+----------+-------------------------------------------
     0 | D:1      | Revguard the Demonspawn Archaeologist began the quest for
                  | the Orb.
     0 | D:1      | Reached XP level 1. HP: 15/15 MP: 1/1
    99 | D:1      | Gained mutation: You have a pair of small horns on your
                  | head. [demonic ancestry]
    99 | D:1      | Reached XP level 2. HP: 18/21 MP: 2/2
   246 | D:1      | Reached skill level 1 in Maces & Flails
   371 | D:1      | Reached skill level 1 in Armour
   633 | D:1      | Gained mutation: You have a pair of horns on your head.
                  | [demonic ancestry]
   633 | D:1      | Reached XP level 3. HP: 23/26 MP: 3/3
   860 | D:2      | Found a shimmering blue altar of Sif Muna.
   860 | D:2      | Found a burning altar of Makhleb.
   863 | D:2      | Found a hazy altar of Hepliaklqana.
   869 | D:2      | Became a worshipper of Sif Muna the Loreminder
  1939 | D:3      | Noticed Grinder
  1967 | D:3      | Paralysed by Grinder for 2 turns
  1975 | D:3      | Slain by Grinder

Skill      XL: |  1  2 |
---------------+-------+-----
Dodging        | 3 |  3.2
Maces & Flails | 1 |  1.1
Armour         | 1 |  1.0
Fighting       | |  1.7
Stealth        | |  3.0
Spellcasting   | |  0.8
Invocations    | |  0.2

Action                   || total
-------------------------++-------
Melee: Whip              ||   146
       Headbutt          ||     9
  Use: Potion            ||     6
       Scroll            ||     6
 Stab: Sleeping          ||     7
  Eat: Chunk             ||     2
Armor: Robe              ||    32
Dodge: Dodged            ||   101
